AoeStats
← AoM92

MegaRandom

509949391Analyzed
2v2 RM · 3d ago on Sep 28, 2026· 52m 47s· 4 players
Game mode
Random Map
Map size
Medium (4 player)
Population
200
Speed
Normal
Resources
Standard
Victory
Conquest
Starting age
Dark Age
Ending age
Imperial Age
RankedLock teamsTeams togetherTeam positionsShared explorationLock speedFull tech treeHidden civsTurbo modeCheats
Victory
Defeat
🇩🇪 Varangians · Germany
1459
+13
🇩🇪 Vietnamese · Germany
1426
+14
🇫🇷 Lithuanians · France
1390
-14
🇭🇺 Mongols · Hungary
1374
-13
Polito
8:02 Loom
12:36 Feudal Age
13:21 Double-Bit Axe
14:42 Town Watch
15:32 Wheelbarrow
17:37 Forging
19:49 Scale Barding Armor
22:19 Scale Mail Armor
24:09 Bloodlines
25:03 Fletching
27:47 Castle Age
33:34 Light Cavalry
34:38 Chain Barding Armor
40:36 Ballistics
41:13 Bodkin Arrow
45:55 Iron Casting
45:32 Hill Forts
45:29 Horse Collar
47:10 Hand Cart
47:09 Husbandry
48:48 Pikeman
51:15 Town Patrol
AoM92
4:23 Loom
15:55 Feudal Age
20:00 Castle Age
18:09 Double-Bit Axe
22:32 Fletching
27:15 Town Watch
33:58 Wheelbarrow
33:59 Bodkin Arrow
41:29 Imperial Age
39:13 Padded Archer Armor
40:10 Bow Saw
40:02 Horse Collar
42:40 Bracer
45:27 Chemistry
46:00 Ballistics
46:12 Bloodlines
46:33 Light Cavalry
49:15 Scale Barding Armor
48:52 Hussar
53:30 Forging
dec
12:48 Feudal Age
11:04 Loom
13:30 Double-Bit Axe
24:57 Castle Age
32:30 Fletching
35:26 Bodkin Arrow
36:23 Padded Archer Armor
39:18 Scale Barding Armor
39:50 Horse Collar
41:40 Bow Saw
42:39 Light Cavalry
46:25 Chain Barding Armor
47:18 Husbandry
47:00 Elite Skirmisher
49:20 Bloodlines
50:31 Caravan
54:54 Imperial Age
Tilt Eulenspiegel
8:33 Loom
11:03 Feudal Age
11:52 Double-Bit Axe
19:39 Castle Age
18:01 Horse Collar
21:56 Scale Barding Armor
30:04 Wheelbarrow
30:16 Chain Barding Armor
30:42 Forging
31:39 Bow Saw
37:04 Imperial Age
35:36 Hand Cart
36:08 Heavy Plow
36:20 Fletching
37:00 Padded Archer Armor
37:17 Bodkin Arrow
37:33 Town Watch
38:06 Husbandry
38:03 Light Cavalry
38:54 Bloodlines
39:34 Iron Casting
39:57 Plate Barding Armor
40:52 Conscription
40:51 Hussar
46:20 Blast Furnace
51:31 Caravan
Connection lost

Rejoining the realm…

Still unreachable

The connection could not be restored.

Session expired

The server has moved on; the page needs a fresh start.